 Dungeon Sprint DCSS version 0.21-a0-59-g7b0e191 (webtiles) character file.

26990 Kidiri the Basher (level 13, -4/144 HPs)
             Began as a Troll Fighter on June 16, 2017.
             Was a High Priest of Wu Jian.
             Slain by an orc warlord
             ... wielding a +3 war axe
              (20 damage)
             ... in the Dungeon (Sprint VII: "The Pits").
             The game lasted 00:23:49 (2736 turns).

Kidiri the Basher (Troll Fighter)                   Turns: 2736, Time: 00:23:49

Health: -4/144     AC:  7    Str: 34    XL:     13   Next: 1%
Magic:  15/15      EV: 17    Int:  6    God:    Wu Jian [*****.]
Gold:   30         SH:  0    Dex: 12    Spells: 12/12 levels left

rFire    . . .     SeeInvis .   I - +0 morningstar (holy)
rCold    . . .     Gourm    +   (no shield)
rNeg     . . .     Faith    .   b - +2 robe
rPois    .         Spirit   .   (helmet restricted)
rElec    .         Reflect  .   (no cloak)
rCorr    .         Harm     .   (gloves unavailable)
MR       .....     NoTele   +   (boots unavailable)
Stlth    ++++......             G - amulet of regeneration
HPRegen  1.14/turn              q - +3 ring of dexterity
MPRegen  0.14/turn              s - +3 ring of strength

@: exhausted
A: unfitting armour, claws 3, hooves 1, horns 1, blurry vision 1, clever 1, fast
metabolism 3, gourmand, sense surroundings 1, regeneration 1, shaggy fur 1,
tough skin 2
a: Serpent's Lash, Heavenly Storm, Renounce Religion


You were in the Dungeon.
You worshipped Wu Jian.
Wu Jian was extremely pleased with you.
You were very full.

You visited 1 branch You collected 30 gold pieces.

Inventory:

Hand Weapons
 I - a +0 morningstar of holy wrath (weapon)
Missiles
 u - 6 large rocks (quivered)
Armour
 b - a +2 robe (worn)
Jewellery
 q - a +3 ring of dexterity (left claw)
 s - a +3 ring of strength (right claw)
 w - an uncursed ring of positive energy
 y - an uncursed ring of fire
 B - an uncursed ring of fire
 G - an amulet of regeneration (around neck)
Wands
 A - a wand of paralysis (16/24)
Scrolls
 k - 3 scrolls of blinking
 l - 4 scrolls of remove curse
 m - 5 scrolls of amnesia
 n - a scroll of summoning
 C - 2 scrolls of enchant armour
 D - a scroll of fear
 E - a scroll of recharging
 F - 2 scrolls of identify
Potions
 c - 2 potions of invisibility
 d - a potion of might
 e - 6 potions of curing
 h - a potion of haste
 i - 4 potions of magic
 j - 5 potions of berserk rage
 t - a potion of brilliance
 v - 2 potions of resistance
 x - a potion of agility
 H - a potion of cancellation
Comestibles
 f - 10 bread rations
 o - 44 fruits
 p - 7 meat rations
 z - 13 royal jellies


   Skills:
 * Level 13.3 Fighting
 * Level 14.2 Maces & Flails
 + Level 8.6 Throwing
 + Level 9.6 Armour
 * Level 13.3 Dodging
 * Level 10.4 Stealth
   Level 2.4 Shields
 + Level 4.7 Evocations


You had 12 spell levels left.
You didn't know any spells.

Dungeon Overview and Level Annotations

Branches:
Dungeon (1/1)

Altars:
Ashenzari
Cheibriados
Dithmenos
Elyvilon
Fedhas
Gozag
Hepliaklqana
Kikubaaqudgha
Makhleb
Nemelex Xobeh
Okawaru
Qazlal
Ru
Sif Muna
Trog
Uskayaw
Vehumet
Wu Jian
Xom
Yredelemnul
Zin
The Shining One
Beogh
Jiyva
Lugonu

Annotations:
D exclusion: 16 doors


Innate Abilities, Weirdness & Mutations

You are too large for most types of armour.
You have claws for hands.
Your metabolism is lightning-fast.
You like to eat raw meat.
Your natural rate of healing is unusually fast.
You are covered in fur. (AC +1)
You have very tough skin. (AC +2)
You have large cloven feet.
You have a pair of small horns on your head.
Scrolls take you a little longer to read.
Your mind is acute. (Int +2)
You passively map a small area around you.


Message History

Swooosh!
Unknown command.
SWOOSH!
You feel better.
The orc warlord no longer looks unusually strong.
Press: ? - help, v - describe, . - travel
Here: an orc warlord, wielding an enchanted war axe, wearing a plate armour and wearing a large shield (golden dust, almost dead)
The floor.
The orc warlord blocks your attack.
You kick the orc warlord, but do no damage.
The orc warlord is almost dead.
The orc warlord hits you with an enchanted war axe!!
* * * LOW HITPOINT WARNING * * *
Unknown command.
Throwing (i - inventory):
u - 7 large rocks (quivered)
Press: ? - help, Shift-Dir - straight line, f - orc warlord
Aim: an orc warlord, wielding an enchanted war axe, wearing a plate armour and wearing a large shield (almost dead)
You throw a large rock. The orc warlord blocks the large rock.
The orc warlord hits you with an enchanted war axe!!
You die...

##########o##o....
#.§§o§§§o§o§o.o...
#§#####+#####o....
#.#.....#..##.....
#.#....)#))#####+#
#.###+###))##.....
#o#.....#))##.....
#o#.)÷..#[[##.....
#@####+##+###...<.
#.#........##.....
#.#........##.....
#+###########.....
#.......#..#######
#.......#.########
#...#...#.#....#..
#..###..#+#....#..
#...#...#.+....+..


You could see an orc warlord and an orc knight.

Vanquished Creatures
  A ghost moth (D)
  An orc warlord (D)
  An ophan (D)
  A purple draconian (D)
  A deep elf high priest (D)
  A death knight (D)
  A centaur warrior (D)
  A merfolk avatar (D)
  2 vampire magi (D)
  Sonja (D)
  A shadow wraith (D)
  A sea snake (D)
  2 unseen horrors (D)
  A swamp dragon (D)
  2 flayed ghosts (D)
  An orc knight (D)
  A phantasmal warrior (D)
  A lindwurm (D)
  An orc sorcerer (D)
  A manticore (D)
  2 cyclopes (D)
  A freezing wraith (D)
  An orange demon (D)
  A smoke demon (D)
  2 kobold demonologists (D)
  A yaktaur (D)
  2 guardian mummies (D)
  A jumping spider (D)
  A red devil (D)
  A merfolk (D)
  2 hornets (D)
  4 slime creatures (D)
  A snapping turtle (D)
  7 dream sheep (D)
  2 hippogriffs (D)
  A spriggan (D)
  7 redbacks (D)
  8 yaks (D)
  A tarantella (shapeshifter) (D)
  A wraith (D)
  A wyvern (D)
  A fire bat (D)
  A hungry ghost (D)
  2 vampire mosquitoes (D)
  A soldier ant (D)
  3 small abominations (D)
  A large abomination (D)
  2 floating eyes (D)
  2 phantoms (D)
  A necrophage (D)
  An eye of draining (D)
  2 centaurs (D)
  7 wolves (D)
  An earth elemental (D)
  4 killer bees (D)
  2 crimson imps (D)
  2 quasits (D)
  A hound (D)
  2 iron imps (D)
  A gnoll shaman (D)
  An iguana (D)
  2 hell rats (D)
  6 gnolls (D)
  2 river rats (D)
  2 adders (D)
  A white imp (D)
  3 oozes (D)
  An adder skeleton (D)
  A worm (D)
  A leopard gecko (D)
  3 giant cockroaches (D)
  A goblin (D)
  A kobold (D)
  A jackal zombie (D)
  A rat (D)
  2 crawling corpses (D)
  A macabre mass (D)
138 creatures vanquished.

Notes
Turn   | Place    | Note
-------+----------+-------------------------------------------
     0 | D        | Kidiri the Troll Fighter began the quest for the Orb.
     0 | D        | Reached XP level 1. HP: 22/22 MP: 0/0
    21 | D        | Reached skill level 2 in Maces & Flails
    56 | D        | Found a bloodstained altar of Trog.
    56 | D        | Found a deep blue altar of Sif Muna.
    56 | D        | Found a viscous altar of Jiyva.
    56 | D        | Found a hazy altar of Hepliaklqana.
    56 | D        | Found an opulent altar of Gozag.
    57 | D        | Found a glowing golden altar of the Shining One.
    57 | D        | Found a glowing silver altar of Zin.
    57 | D        | Found a basalt altar of Yredelemnul.
    57 | D        | Found a shimmering altar of Xom.
    57 | D        | Found an ornate altar of the Wu Jian Council.
    57 | D        | Found a sacrificial altar of Ru.
    57 | D        | Found a stormy altar of Qazlal.
    57 | D        | Found an iron altar of Okawaru.
    57 | D        | Found a sparkling altar of Nemelex Xobeh.
    57 | D        | Found a burning altar of Makhleb.
    57 | D        | Found a blossoming altar of Fedhas.
    57 | D        | Found a white marble altar of Elyvilon.
    57 | D        | Found a shadowy altar of Dithmenos.
    57 | D        | Found a snail-covered altar of Cheibriados.
    59 | D        | Found a radiant altar of Vehumet.
    59 | D        | Found a corrupted altar of Lugonu.
    59 | D        | Found a roughly hewn altar of Beogh.
    60 | D        | Found a hide-covered altar of Uskayaw.
    60 | D        | Found an ancient bone altar of Kikubaaqudgha.
    60 | D        | Found a shattered altar of Ashenzari.
    66 | D        | Became a worshipper of the Wu Jian Council
    89 | D        | Reached skill level 1 in Armour
    89 | D        | Reached XP level 2. HP: 28/31 MP: 1/1
   129 | D        | Reached * piety under Wu Jian
   137 | D        | Reached skill level 1 in Stealth
   158 | D        | Reached skill level 3 in Maces & Flails
   158 | D        | Reached XP level 3. HP: 37/37 MP: 2/2
   164 | D        | Reached ** piety under Wu Jian
   350 | D        | Noticed a hungry ghost
   373 | D        | Killed a hungry ghost
   373 | D        | Reached *** piety under Wu Jian
   373 | D        | Reached skill level 4 in Maces & Flails
   373 | D        | Reached XP level 4. HP: 49/49 MP: 3/3
   373 | D        | Reached XP level 5. HP: 55/55 MP: 4/4
   374 | D        | Reached skill level 5 in Fighting
   374 | D        | Reached skill level 5 in Maces & Flails
   374 | D        | Reached skill level 5 in Dodging
   388 | D        | Reached **** piety under Wu Jian
   406 | D        | Reached XP level 6. HP: 66/66 MP: 5/5
   493 | D        | Noticed a hippogriff
   502 | D        | Killed a hippogriff
   502 | D        | Reached skill level 6 in Maces & Flails
   560 | D        | Noticed a floating eye
   563 | D        | Paralysed by a floating eye for 4 turns
   569 | D        | Killed a floating eye
   569 | D        | Reached XP level 7. HP: 76/76 MP: 6/6
   572 | D        | Reached ***** piety under Wu Jian
   590 | D        | Noticed a snapping turtle
   592 | D        | Reached skill level 7 in Maces & Flails
   594 | D        | Killed a snapping turtle
   631 | D        | Gained mutation: You possess an exceptional clarity of mind. [potion of mutation]
   631 | D        | Gained mutation: Your spells are a little harder to cast, but a little more powerful. [potion of mutation]
   631 | D        | Gained mutation: You are somewhat resistant to further mutation. [potion of mutation]
   632 | D        | Lost mutation: You possess an exceptional clarity of mind. [potion of mutation]
   632 | D        | Lost mutation: Your spells are a little harder to cast, but a little more powerful. [potion of mutation]
   632 | D        | Lost mutation: You are somewhat resistant to further mutation. [potion of mutation]
   632 | D        | Gained mutation: You expend magic power (3 MP) to strengthen your wands. [potion of mutation]
   632 | D        | Gained mutation: You are frail. (-10% HP) [potion of mutation]
   632 | D        | Gained mutation: You are surrounded by a mild repulsion field. (EV +2) [potion of mutation]
   632 | D        | Gained mutation: Your muscles are strong. (Str +2) [potion of mutation]
   726 | D        | Noticed a cyclops
   728 | D        | Reached skill level 5 in Stealth
   740 | D        | Killed a cyclops
   740 | D        | Reached skill level 8 in Maces & Flails
   740 | D        | Reached skill level 5 in Armour
   740 | D        | Reached XP level 8. HP: 77/79 MP: 7/7
   849 | D        | Noticed a smoke demon
   851 | D        | Noticed a lindwurm
   855 | D        | Reached skill level 1 in Throwing
   857 | D        | Killed a smoke demon
   858 | D        | Killed a lindwurm
   858 | D        | Reached skill level 9 in Maces & Flails
   858 | D        | Reached XP level 9. HP: 35/87 MP: 8/8
  1024 | D        | Noticed a kobold demonologist
  1031 | D        | Noticed a red devil
  1038 | D        | Killed a kobold demonologist
  1038 | D        | Reached skill level 10 in Maces & Flails
  1047 | D        | Reached XP level 10. HP: 78/99 MP: 9/9
  1055 | D        | Reached skill level 10 in Fighting
  1118 | D        | Noticed a sea snake
  1130 | D        | HP: 4/99 [hippogriff (9)]
  1134 | D        | Killed a sea snake
  1134 | D        | Reached skill level 10 in Dodging
  1259 | D        | Reached skill level 11 in Maces & Flails
  1259 | D        | Reached skill level 5 in Throwing
  1285 | D        | Gained mutation: Scrolls take you a little longer to read. [mutagenic meat]
  1391 | D        | Noticed a phantasmal warrior
  1391 | D        | Noticed a manticore
  1392 | D        | Noticed an orc sorcerer
  1392 | D        | Noticed Sonja
  1392 | D        | Noticed a flayed ghost
  1394 | D        | Killed a phantasmal warrior
  1394 | D        | Noticed an unseen horror
  1394 | D        | Killed an unseen horror
  1394 | D        | Reached XP level 11. HP: 106/107 MP: 10/10
  1402 | D        | Killed an orc sorcerer
  1407 | D        | Killed a flayed ghost
  1409 | D        | Killed Sonja
  1409 | D        | Reached ****** piety under Wu Jian
  1491 | D        | Lost mutation: Scrolls take you a little longer to read. [potion of mutation]
  1491 | D        | Lost mutation: You are frail. (-10% HP) [potion of mutation]
  1491 | D        | Lost mutation: Your muscles are strong. (Str +2) [potion of mutation]
  1491 | D        | Lost mutation: You are surrounded by a mild repulsion field. (EV +2) [potion of mutation]
  1491 | D        | Lost mutation: You expend magic power (3 MP) to strengthen your wands. [potion of mutation]
  1491 | D        | Gained mutation: You are surrounded by a mild repulsion field. (EV +2) [potion of mutation]
  1491 | D        | Gained mutation: Armour fits poorly on your strangely shaped body. [potion of mutation]
  1491 | D        | Gained mutation: Your muscles are strong. (Str +2) [potion of mutation]
  1491 | D        | Gained mutation: You have an increased reservoir of magic. (+10% MP) [potion of mutation]
  1492 | D        | Lost mutation: Armour fits poorly on your strangely shaped body. [potion of mutation]
  1492 | D        | Lost mutation: You have an increased reservoir of magic. (+10% MP) [potion of mutation]
  1492 | D        | Lost mutation: Your muscles are strong. (Str +2) [potion of mutation]
  1492 | D        | Gained mutation: Scrolls take you a little longer to read. [potion of mutation]
  1492 | D        | Gained mutation: You have a pair of small horns on your head. [potion of mutation]
  1492 | D        | Gained mutation: You have large cloven feet. [potion of mutation]
  1493 | D        | Lost mutation: You are surrounded by a mild repulsion field. (EV +2) [potion of mutation]
  1493 | D        | Lost mutation: You have large cloven feet. [potion of mutation]
  1493 | D        | Gained mutation: You have large cloven feet. [potion of mutation]
  1493 | D        | Gained mutation: You passively map a small area around you. [potion of mutation]
  1493 | D        | Gained mutation: Your mind is acute. (Int +2) [potion of mutation]
  1650 | D        | Reached skill level 12 in Maces & Flails
  1699 | D        | Noticed a death knight
  1708 | D        | Killed a death knight
  1708 | D        | Reached skill level 1 in Evocations
  1958 | D        | Noticed a flayed ghost
  1964 | D        | Killed a flayed ghost
  1970 | D        | Noticed a spriggan rider
  1981 | D        | Noticed an unseen horror
  1981 | D        | Killed an unseen horror
  2115 | D        | Noticed a purple draconian
  2115 | D        | Noticed an ophan
  2131 | D        | Killed an ophan
  2133 | D        | HP: 2/123 [purple draconian/bolt of dispelling energy (44)]
  2136 | D        | Killed a purple draconian
  2136 | D        | Reached XP level 12. HP: 19/132 MP: 11/13
  2137 | D        | Reached skill level 13 in Maces & Flails
  2433 | D        | Noticed a centaur warrior
  2434 | D        | Noticed a ghost moth
  2440 | D        | Killed a ghost moth
  2441 | D        | Noticed a merfolk avatar
  2442 | D        | Killed a centaur warrior
  2446 | D        | Killed a merfolk avatar
  2463 | D        | Reached skill level 10 in Stealth
  2463 | D        | Noticed a deep elf high priest
  2468 | D        | Killed a deep elf high priest
  2472 | D        | Noticed a vampire mage
  2478 | D        | Noticed a jiangshi
  2479 | D        | Killed a vampire mage
  2638 | D        | Noticed a vampire mage
  2639 | D        | Noticed an orc warlord
  2639 | D        | Noticed an orc warlord
  2642 | D        | Paralysed by a floating eye for 3 turns
  2646 | D        | Reached skill level 14 in Maces & Flails
  2649 | D        | Killed a vampire mage
  2697 | D        | Killed an orc warlord
  2697 | D        | Reached XP level 13. HP: 50/144 MP: 15/15
  2736 | D        | Slain by an orc warlord

Vault maps used:
D:        pitsprint

Skill      XL: |  1  2  3  4  5  6  7  8  9 10 11 12 |
---------------+-------------------------------------+-----
Maces & Flails | 2 3 4 5 6 8 9 10 11 12 14 | 14.2
Fighting       | 3 4 5 6 7 8 9 10 12 13 | 13.3
Armour         | 1 2 3 4 5 6 7 8 9 |  9.6
Dodging        | 3 4 5 6 7 8 9 10 12 13 | 13.3
Stealth        | 1 2 3 4 5 6 7 8 9 10 | 10.4
Throwing       | 2 3 5 7 8 |  8.6
Evocations     | 2 4 |  4.7
Shields        | |  2.4

Action                   |  1- 3 |  4- 6 |  7- 9 | 10-12 | 13-15 || total
-------------------------+-------+-------+-------+-------+-------++-------
Melee: Unarmed           |    30 |       |       |       |       ||    30
       Mace              |    12 |    22 |    20 |       |       ||    54
       Dire flail        |       |       |    73 |   238 |       ||   311
       Kick              |       |       |       |    58 |     4 ||    62
       Headbutt          |       |       |       |    49 |     4 ||    53
       Morningstar       |       |       |       |    22 |     8 ||    30
Throw: Large rock        |       |       |     1 |     3 |     1 ||     5
Invok: Serpent's Lash    |       |       |     4 |    13 |     2 ||    19
       Heavenly Storm    |       |       |     3 |     8 |     1 ||    12
  Use: Potion            |     1 |       |     3 |    14 |     1 ||    19
       Scroll            |       |       |       |     5 |       ||     5
 Stab: Sleeping          |     1 |     1 |       |     1 |       ||     3
       Distracted        |       |       |       |     1 |       ||     1
  Eat: Chunk             |     3 |       |    12 |    16 |       ||    31
Armor: Robe              |     7 |     5 |    10 |    61 |       ||    83
Dodge: Dodged            |    24 |    14 |    40 |   132 |     1 ||   211
